 Dungeon Crawl Stone Soup version 0.27-a0-1565-gad902ab807 (webtiles) character file.

Game seed: 14156884239470362747

20 Leszczynek the Chopper (level 3, 0/27 HPs)
             Began as a Human Gladiator on July 16, 2021.
             Slain by a rat (2 damage)
             ... on level 1 of the Dungeon.
             The game lasted 00:01:10 (127 turns).

Leszczynek the Chopper (Human Gladiator)             Turns: 127, Time: 00:01:11

Health: 0/27       AC:  4    Str: 15    XL:     3   Next: 0%
Magic:  3/3        EV: 12    Int:  8    God:
Gold:   11         SH:  0    Dex: 14    Spells: 2/2 levels left

rFire    . . .     SeeInvis .   a - +0 war axe
rCold    . . .     Faith    .   (no shield)
rNeg     . . .     Spirit   .   b - +0 leather armour
rPois    .         Reflect  .   c - +0 helmet
rElec    .         Harm     .   (no cloak)
rCorr    .         Rampage  .   (no gloves)
Will     +....                  (no boots)
Stlth    +.........             (no amulet)
HPRegen  0.09/turn              i - ring of willpower
MPRegen  0.08/turn              (no ring)

@: no status effects
A: no striking features
a: no special abilities


You were on level 1 of the Dungeon.
You visited 1 branch of the dungeon, and saw 2 of its levels.

You collected 11 gold pieces.

Inventory:

Hand Weapons
 a - a +0 war axe (weapon)
 f - a +4 short sword
Missiles
 d - 3 throwing nets (quivered)
Armour
 b - a +0 leather armour (worn)
 c - a +0 helmet (worn)
Jewellery
 i - a ring of willpower (left hand)
Scrolls
 e - 2 scrolls of brand weapon {unknown}
 g - a scroll of holy word {unknown}
 h - a scroll of teleportation {unknown}


   Skills:
 - Level 2.2 Fighting
 + Level 3.8 Axes
 - Level 2.0 Throwing
 - Level 3.0 Dodging


You had 2 spell levels left.
You didn't know any spells.
Your spell library was empty.

Dungeon Overview and Level Annotations

Branches:
Dungeon (2/15)

Altars:


Message History

The hobgoblin closely misses you. The endoplasm freezes you.
You are frozen.
You slash the endoplasm!
You kill the endoplasm!
You closely miss the hobgoblin. The hobgoblin hits you.
* * * LOW HITPOINT WARNING * * *
You closely miss the hobgoblin.
The hobgoblin is almost dead.
The hobgoblin misses you.
You slash the hobgoblin!
You kill the hobgoblin!
You hit the endoplasm.
The endoplasm is almost dead.
The endoplasm freezes you.
You are frozen.
* * * LOW HITPOINT WARNING * * *
The endoplasm barely misses you.
You slash the endoplasm!
You kill the endoplasm!
You have reached level 3!
Your experience leads to an increase in your attributes!
Increase (S)trength, (I)ntelligence, or (D)exterity?
You feel stronger.
You now have 11 gold pieces.
A rat comes into view.
A giant cockroach comes into view.
A frilled lizard comes into view.
Found a stone staircase leading down.
Found a dagger and a scroll labelled XOABONIACU.
The rat bites you.
* * * LOW HITPOINT WARNING * * *
You closely miss the rat. The rat bites you but does no damage.
The rat completely misses you.
Unknown command.
You closely miss the rat. You closely miss the frilled lizard.
You closely miss the giant cockroach.
The giant cockroach bites you but does no damage.
The rat bites you.
You die...

....... ...
?.......###.#
...........>#
............#
............#
............#
............#
............#
......B@....#
##....rl....#
#.....#.##.#
#..?....##...
#.....##>
##.# #.....
.) .# ######
## #


You could see a giant cockroach, a frilled lizard and a rat.

Vanquished Creatures
  A dart slug (D:2)
  A ball python (D:1)
  A bat (D:2)
  3 endoplasms (D:1)
  A giant cockroach (D:1)
  A goblin (D:1)
  4 hobgoblins (D:1)
  A quokka (D:1)
  A rat (D:1)
14 creatures vanquished.

Notes
Turn   | Place    | Note
-------+----------+-------------------------------------------
     0 | D:1      | Leszczynek the Human Gladiator began the quest for the Orb.
     0 | D:1      | Reached XP level 1. HP: 16/16 MP: 1/1
    51 | D:1      | Reached XP level 2. HP: 13/22 MP: 2/2
   117 | D:1      | HP: 2/22 [frozen (3)]
   119 | D:1      | Reached XP level 3. HP: 3/27 MP: 3/3
   125 | D:1      | HP: 2/27 [rat (1)]
   127 | D:1      | Slain by a rat

Illustrated notes

Levels and vault maps discovered:
D:1:      erik_arrival_cave_to_civilisation [erik_arrival_cave_to_hall],
          layout_basic, serial_shops, shop,
          chequers_ecumenical_altar_simple_redux, st_stairs_7
D:2:      layout_rooms, grunt_ministairs_7, kennysheep_generic_room_16,
          uniq_jessica, uniq_sigmund

Action                   || total
-------------------------++-------
Melee: War axe           ||    32
       Short sword       ||     5
Armor: Leather armour    ||    15
Dodge: Dodged            ||    30

Table legend: (Time is in decaauts)
 A = Elapsed time spent in this place.
 B = Non-inter-level travel time spent in this place.
 C = Inter-level travel time spent in this place.
 D = Time resting spent in this place.
 E = Time spent auto-exploring this place.
 F = Levels seen in this place.
 G = Mean time per level.
                   A        B        C        D        E       F      G
               +--------+--------+--------+--------+--------+-----+--------+
         Total |    136 |    136 |      0 |      0 |      0 |   2 |   68.0 |
       Dungeon |    136 |    136 |      0 |      0 |      0 |   2 |   68.0 |
               +--------+--------+--------+--------+--------+-----+--------+

Top non-repeatable levels by time:
     D:1: 116 daAuts
     D:2: 20 daAuts
